Description

zvz roach wall

Build Order

Get SALT Encoding   

  13  0:13  Overlord  
  17  0:53  Hatchery  
  17  1:10  Spawning Pool  
  20  1:34  Extractor  
  20  2:00  Queen x2, Overlord  If no lings by 2:00
  28  2:25  Overlord  
  36  3:00  Evolution Chamber  
  36  3:05  Lair, Roach Warren  
  36  3:10  Overlord  
  42  3:25  Extractor x2  
  42  3:40  Glial Reconstitution, Zerg Missile Weapons Level 1  
  48  4:00  Hatchery  when you have some roaches
Spawning Tool Build Advisor. Get it on Overwolf

Go to:

Details

  • Created by: Bluefire66
  • Published on: Feb 02, 2019
  • Modified on: Feb 02, 2019
  • Patch: 4.7.1
Show
View Real Time Build Order
Export as new Build Order

Comments (1)

On Feb. 12, 2019, 12:18 a.m., Temper_Fin  said:

Its very lacking bo + thst kinda stuff is better with 2 upgardes if you go for roach push

Create an account to comment!